AoeStats
← Faranight78000

Black Forest

507806467Analyzed
2v2 RM · 14d ago on Sep 19, 2026· 54m 19s· 4 players
Game mode
Random Map
Map size
Medium (4 player)
Population
200
Speed
Normal
Resources
Standard
Victory
Conquest
Starting age
Dark Age
Ending age
Imperial Age
RankedLock teamsTeams togetherTeam positionsShared explorationLock speedFull tech treeHidden civsTurbo modeCheats
Victory
Defeat
🇨🇦 Celts · Canada
1022
+15
🇫🇷 Japanese · France
966
+16
🇫🇷 Celts · France
1000
-16
🇫🇷 Huns · France
981
-15
Boeder
0:34 Loom
13:47 Feudal Age
15:05 Double-Bit Axe
15:31 Horse Collar
18:12 Castle Age
16:39 Gold Mining
22:18 Bow Saw
25:45 Wheelbarrow
27:35 Gold Mining
27:55 Fletching
33:25 Imperial Age
31:42 Stronghold
32:11 Arson
32:25 Town Watch
34:16 Scale Mail Armor
34:26 Forging
34:32 Forging
36:35 Conscription
37:30 Chain Mail Armor
38:42 Treadmill Crane
42:37 Onager
43:24 Onager
48:02 Plate Mail Armor
48:37 Iron Casting
50:44 Gold Shaft Mining
Faranight78000
0:43 Loom
13:02 Feudal Age
13:36 Gold Mining
19:42 Castle Age
18:09 Man-at-Arms
18:35 Arson
18:44 Horse Collar
21:14 Wheelbarrow
21:09 Fletching
23:03 Double-Bit Axe
26:57 Stone Mining
28:27 Long Swordsman
28:58 Crossbowman
29:36 Bodkin Arrow
29:42 Scale Mail Armor
30:12 Squires
30:54 Bow Saw
32:19 Ballistics
32:52 Gold Shaft Mining
33:07 Padded Archer Armor
33:06 Town Watch
37:11 Imperial Age
35:37 Thumb Ring
37:07 Leather Archer Armor
37:07 Chain Mail Armor
37:46 Two-Handed Swordsman
39:43 Bloodlines
40:55 Husbandry
41:36 Conscription
43:15 Heavy Plow
46:01 Cavalier
Xaviernator
0:46 Loom
12:52 Feudal Age
13:28 Double-Bit Axe
13:58 Horse Collar
17:27 Wheelbarrow
21:03 Castle Age
19:17 Gold Mining
19:32 Stone Mining
21:04 Forging
21:16 Fletching
21:59 Bow Saw
26:29 Heavy Plow
27:05 Gold Shaft Mining
27:09 Stone Shaft Mining
26:19 Pikeman
29:02 Fortified Wall
31:14 Ballistics
34:49 Imperial Age
33:59 Bodkin Arrow
35:41 Heavy Scorpion
37:23 Scale Mail Armor
37:59 Iron Casting
37:30 Scale Barding Armor
39:26 Halberdier
41:15 Hand Cart
40:45 Town Watch
40:32 Elite Woad Raider
42:50 Blast Furnace
43:24 Chemistry
44:25 Furor Celtica
44:35 Conscription
44:43 Onager
48:09 Siege Engineers
49:04 Siege Onager
Silvercollins
0:36 Loom
11:27 Feudal Age
12:02 Double-Bit Axe
15:37 Horse Collar
16:28 Gold Mining
17:49 Wheelbarrow
21:15 Castle Age
20:12 Stone Mining
21:24 Forging
21:16 Scale Mail Armor
21:09 Fletching
22:13 Bow Saw
22:20 Heavy Plow
23:06 Gold Shaft Mining
26:56 Caravan
27:42 Bodkin Arrow
27:48 Padded Archer Armor
28:09 Scale Barding Armor
28:40 Iron Casting
28:10 Bodkin Arrow
28:15 Padded Archer Armor
27:49 Elite Skirmisher
29:58 Hand Cart
31:59 Leather Archer Armor
34:43 Imperial Age
32:03 Treadmill Crane
32:34 Masonry
33:56 Squires
33:41 Gambesons
33:17 Pikeman
34:31 Murder Holes
34:57 Ballistics
34:56 Chain Mail Armor
35:56 Thumb Ring
35:16 Halberdier
36:13 Bracer
37:24 Chemistry
38:03 Blast Furnace
39:29 Plate Mail Armor
39:29 Ring Archer Armor
39:11 Fortified Wall
40:09 Kataparuto
41:13 Conscription
42:03 Elite Samurai
44:18 Arson
47:36 Town Watch
Connection lost

Rejoining the realm…

Still unreachable

The connection could not be restored.

Session expired

The server has moved on; the page needs a fresh start.